 Dungeon Crawl Stone Soup version 0.21-a0-92-g7bf63f6 (webtiles) character file.

6315 Angani the Thaumaturge (level 10, -5/83 HPs)
             Began as a Demigod Fire Elementalist on July 1, 2017.
             Slain by Snorg (15 damage)
             ... on level 10 of the Dungeon.
             The game lasted 00:42:07 (13055 turns).

Angani the Thaumaturge (Demigod Fire Elementalist) Turns: 13055, Time: 00:42:08

Health: -5/83      AC:  6    Str: 11    XL:     10   Next: 37%
Magic:  23/27      EV: 15    Int: 25    God:
Gold:   559        SH:  0    Dex: 16    Spells: 15/28 levels left

rFire    . . .     SeeInvis .   F - staff of poison
rCold    . . .     Gourm    .   (no shield)
rNeg     . . .     Faith    .   a - +1 robe
rPois    +         Spirit   .   (helmet restricted)
rElec    .         Reflect  .   (no cloak)
rCorr    .         Harm     .   (no gloves)
MR       +....                  t - +2 pair of boots
Stlth    ++........             y - amulet of regeneration
HPRegen  0.63/turn              m - ring of wizardry
MPRegen  0.20/turn              (no ring)

@: invisible
A: horns 1, high mp 1, poison resistance, evolution 2, MP-powered wands
a: no special abilities


You were on level 10 of the Dungeon.
You were not hungry.

You visited 1 branch of the dungeon, and saw 10 of its levels.
You also visited: Sewer.

You collected 559 gold pieces.

Inventory:

Hand Weapons
 p - a +1 blowgun
 K - a cursed +2 scimitar of freezing
Missiles
 r - 4 curare-tipped needles
 v - 121 poisoned needles
 C - 3 throwing nets (quivered)
Armour
 a - a +1 robe (worn)
 t - a +2 pair of boots (worn)
Magical Staves
 F - an uncursed staff of poison (weapon)
Jewellery
 d - an uncursed ring of resist corrosion
 l - an uncursed ring of protection from cold
 m - a ring of wizardry (left hand)
 y - an amulet of regeneration (around neck)
 D - an uncursed ring of flight
 P - a +4 ring of intelligence {unknown}
Wands
 n - a wand of digging (11/24)
 z - a wand of lightning (6/15)
 O - a wand of polymorph (9/24)
Scrolls
 g - 2 scrolls of enchant armour
 o - 4 scrolls of teleportation
 A - 2 scrolls of magic mapping
 B - a scroll of enchant weapon
 E - 2 scrolls of amnesia {unknown}
 I - 3 scrolls of recharging {unknown}
 J - 2 scrolls of remove curse
 L - a scroll of summoning {unknown}
 M - a scroll of fear {unknown}
Potions
 b - a potion of might
 e - 2 potions of invisibility
 f - 5 potions of flight
 h - 2 potions of agility
 i - a potion of lignification
 k - a potion of mutation
 q - a potion of experience {unknown}
 s - 7 potions of curing {unknown}
 u - 2 potions of haste
 x - 3 potions of heal wounds {unknown}
 G - 2 potions of resistance {unknown}
 Q - a potion of cancellation {unknown}
Comestibles
 c - 8 bread rations
 j - 5 royal jellies
 H - 7 fruits
 N - a meat ration


   Skills:
 - Level 5.8 Fighting
 - Level 3.0 Armour
 - Level 5.4 Dodging
 - Level 1.7 Stealth
 + Level 9.6 Spellcasting
 - Level 5.0 Conjurations
 - Level 5.0 Fire Magic


You had 15 spell levels left.
You knew the following spells:

 Your Spells              Type           Power        Failure   Level  Hunger
a - Flame Tongue          Conj/Fire      #####        1%          1    None
b - Conjure Flame         Conj/Fire      #####...     1%          3    None
c - Sticky Flame          Conj/Fire      #####...     2%          4    #......
d - Fireball              Conj/Fire      #####.....   8%          5    ####...


Dungeon Overview and Level Annotations

Branches:
Dungeon (10/15)            Temple (0/1) D:4            Lair (0/6) D:10
    Orc: D:9-12

Annotations:
D:6 exclusion: downstairs
D:9 exclusion: downstairs
D:10 Snorg, Sonja


Innate Abilities, Weirdness & Mutations

You have an increased reservoir of magic. (+10% MP)
You have a pair of small horns on your head.
Your system is resistant to poisons. (rPois)
You rapidly evolve.
You expend magic power (3 MP) to strengthen your wands.


Message History

Snorg burns!
You hear a shout!
Unknown command.
Okay, then.
Okay, then.
Evoke which item? (* to show all) (? for menu, Esc to quit)
Okay, then.
Okay, then.
Okay, then.
Press: ? - help, v - describe, . - travel
Here: Snorg (lightly wounded, berserk, fast, unusually strong, covered in liquid flames)
The floor, spattered with blood.
Unknown command.
You fade into invisibility!
Snorg burns!
Snorg bites you!!
* * * LOW HITPOINT WARNING * * *
Snorg barely misses you. x2; Snorg misses you.
Snorg claws you.
* * * LOW HITPOINT WARNING * * *
Snorg claws you!
You die...

## #........[.#.
#.....>.......#
##..........!.#
#.........#..#
##.....P.##..
#.......#Y.#
##.....##..#
####...###..#
#.....## #@.#
#......###T.#
##.....T##.##
#.......#.#
#.........#
#.........#
#.≈≈≈≈≈≈≈≈≈≈
#.≈≈≈≈≈≈≈≈≈≈≈≈
##≈≈≈≈≈≈≈≈≈≈≈≈≈.


You could see Snorg (berserk) and an elephant.

Vanquished Creatures
  A two-headed ogre (D:8)
  The ghost of dricus the Cleaver, a novice HOFi (D:7)
  Joseph (D:9)
  A hornet (D:8)
  Grinder (Sewer)
  Sigmund (D:3)
  A water moccasin (D:6)
  4 ice beasts
  2 sky beasts
  A black bear (D:7)
  2 necrophages
  4 ogres
  3 big kobolds
  A wyvern zombie (D:9)
  4 bullfrogs
  A water moccasin zombie (D:6)
  2 scorpions
  18 wights
  2 howler monkeys
  A crimson imp (D:5)
  3 bullfrog zombies
  A centaur zombie (D:6)
  A quasit (Sewer)
  8 hounds
  A jelly (D:9)
  4 orc priests
  A centaur skeleton (D:4)
  A gnoll shaman (D:8)
  A bullfrog skeleton (D:5)
  2 iguanas
  7 worker ants
  5 orc wizards
  2 big kobold zombies (Sewer)
  A hound zombie (D:8)
  A hound skeleton (D:4)
  A worker ant zombie (D:7)
  11 gnolls
  8 adders
  6 shadow imps
  2 ufetubi (Sewer)
  3 oozes
  An adder zombie (Sewer)
  3 adder skeletons
  3 worms (D:6)
  4 dart slugs
  8 leopard geckos
  44 orcs
  4 ball pythons
  A bat zombie (Sewer)
  4 giant cockroaches
  12 goblins
  5 hobgoblins
  15 jackals
  31 kobolds
  6 quokkas
  A ball python skeleton (D:3)
  22 bats
  5 frilled lizards
  A giant cockroach zombie (Sewer)
  A kobold zombie (Sewer)
  A leopard gecko zombie (D:7)
  A quokka skeleton (D:7)
  8 rats
303 creatures vanquished.

Vanquished Creatures (others)
  A big kobold zombie (Sewer)
  A kobold zombie (Sewer)
2 creatures vanquished.

Grand Total: 305 creatures vanquished

Notes
Turn   | Place    | Note
-------+----------+-------------------------------------------
     0 | D:1      | Angani the Demigod Fire Elementalist began the quest for the Orb.
     0 | D:1      | Reached XP level 1. HP: 14/14 MP: 5/5
    25 | D:1      | Reached skill level 1 in Conjurations
    34 | D:1      | Reached skill level 2 in Spellcasting
   169 | D:1      | Reached XP level 2. HP: 20/20 MP: 0/7
   814 | D:1      | Reached XP level 3. HP: 9/26 MP: 9/9
  1076 | D:1      | Learned a level 3 spell: Conjure Flame
  1126 | D:2      | Found a bloodstained altar of Trog.
  2087 | D:3      | Reached XP level 4. HP: 33/33 MP: 10/10
  2109 | D:3      | Reached skill level 3 in Spellcasting
  2195 | D:3      | Learned a level 4 spell: Sticky Flame
  2611 | D:3      | Reached XP level 5. HP: 36/38 MP: 1/13
  2879 | D:3      | Noticed Sigmund
  2889 | D:3      | Killed Sigmund
  2889 | D:3      | Reached skill level 4 in Spellcasting
  2889 | D:3      | Reached XP level 6. HP: 32/45 MP: 4/16
  3217 | D:3      | Learned a level 5 spell: Fireball
  3559 | D:3      | Reached skill level 5 in Spellcasting
  4426 | D:4      | Reached XP level 7. HP: 50/50 MP: 14/17
  4836 | D:4      | Found a staircase to the Ecumenical Temple.
  4962 | D:5      | Entered Level 5 of the Dungeon
  5120 | D:5      | Reached skill level 5 in Fire Magic
  5882 | D:5      | Reached skill level 5 in Conjurations
  5954 | D:5      | Found a burning altar of Makhleb.
  5955 | D:5      | Found a radiant altar of Vehumet.
  6162 | D:5      | Reached skill level 1 in Fighting
  6327 | D:6      | Reached XP level 8. HP: 55/63 MP: 10/19
  6358 | D:6      | Found a glowing drain.
  6387 | Sewer    | Entered a sewer
  6621 | Sewer    | Found a burning altar of Makhleb.
  7007 | Sewer    | Noticed Grinder
  7021 | Sewer    | Killed Grinder
  7021 | Sewer    | Reached skill level 5 in Fighting
  7166 | D:6      | Reached skill level 1 in Armour
  8764 | D:6      | Found a glowing golden altar of the Shining One.
  9110 | D:7      | Reached XP level 9. HP: 75/75 MP: 2/20
  9433 | D:8      | Reached skill level 5 in Dodging
  9713 | D:7      | Noticed dricus's ghost (novice HOFi)
  9750 | D:7      | Killed dricus's ghost
  9750 | D:7      | Reached skill level 6 in Spellcasting
 10072 | D:7      | Found an opulent altar of Gozag.
 10073 | D:7      | Found a sparkling altar of Nemelex Xobeh.
 10412 | D:7      | Reached skill level 7 in Spellcasting
 10920 | D:8      | Found a deep blue altar of Sif Muna.
 11101 | D:8      | Noticed a two-headed ogre
 11287 | D:8      | Reached skill level 8 in Spellcasting
 11287 | D:8      | Reached XP level 10. HP: 83/83 MP: 14/26
 11621 | D:8      | Killed a two-headed ogre
 11736 | D:8      | Gained mutation: Your body sometimes deteriorates upon taking damage. [mutagenic meat]
 11737 | D:8      | Gained mutation: You tend to lose your temper in combat. [mutagenic meat]
 11738 | D:8      | Gained mutation: Your natural rate of healing is unusually fast. [mutagenic meat]
 11742 | D:8      | Lost mutation: Your natural rate of healing is unusually fast. [potion of mutation]
 11742 | D:8      | Lost mutation: Your body sometimes deteriorates upon taking damage. [potion of mutation]
 11742 | D:8      | Lost mutation: You tend to lose your temper in combat. [potion of mutation]
 11742 | D:8      | Gained mutation: You expend magic power (3 MP) to strengthen your wands. [potion of mutation]
 11742 | D:8      | Gained mutation: You have a pair of small horns on your head. [potion of mutation]
 11742 | D:8      | Gained mutation: Your system is resistant to poisons. (rPois) [potion of mutation]
 11742 | D:8      | Gained mutation: You evolve. [potion of mutation]
 11916 | D:9      | Reached skill level 9 in Spellcasting
 12535 | D:9      | Gained mutation: You rapidly evolve. [evolution]
 12625 | D:9      | Noticed Joseph
 12639 | D:9      | Killed Joseph
 12928 | D:10     | Entered Level 10 of the Dungeon
 12953 | D:10     | Noticed a two-headed ogre
 13028 | D:10     | Noticed Snorg
 13033 | D:10     | Found a staircase to the Lair.
 13034 | D:10     | Noticed Sonja
 13037 | D:10     | Noticed an elephant
 13055 | D:10     | Slain by Snorg

Vault maps used:
D:1:      elethiomel_arrival_infinity_welcomes_careful_drivers
D:2:      overflow_temple_1_default
D:3:      minmay_guardbox, uniq_sigmund
D:4:      temple_hall, first_bread
D:5:      grunt_temple_overflow_lords_of_destruction
D:6:      lemuel_round_altar, cheibrodos_sewer_entry_bend
D:7:      grunt_temple_overflow_opulence
D:8:      led_sif_pool
D:9:      uniq_joseph
D:10:     nicolae_whirlpool, david_lair_generic, serial_glass, glass_columns_a,
          glass_columns_a, hangedman_stone_soup, uniq_sonja, uniq_snorg,
          uniq_erica
Sewer:    kennysheep_sewer_church

Skill      XL: |  1  2  3  4  5  6  7  8  9 10 |
---------------+-------------------------------+-----
Conjurations   | 1 2 3 5 |  5.0
Spellcasting   | 2 3 4 5 8 9 |  9.6
Fire Magic     | 3 4 5 |  5.0
Fighting       | 3 5 |  5.8
Dodging        | 3 5 |  5.4
Armour         | 3 |  3.0
Stealth        | |  1.7

Action                   |  1- 3 |  4- 6 |  7- 9 | 10-12 || total
-------------------------+-------+-------+-------+-------++-------
Melee: Unarmed           |     6 |       |       |       ||     6
       Dagger            |    42 |    63 |    47 |       ||   152
       Scythe            |       |     7 |    20 |       ||    27
       Staff             |       |       |   423 |       ||   423
 Fire: Blowgun           |       |       |     4 |       ||     4
 Cast: Flame Tongue      |    62 |   106 |   371 |    76 ||   615
       Sticky Flame      |       |     2 |    20 |     8 ||    30
       Conjure Flame     |       |     2 |     5 |     3 ||    10
       Fireball          |       |       |     6 |       ||     6
  Use: Scroll            |     6 |     1 |     8 |       ||    15
       Potion            |       |       |       |     4 ||     4
 Stab: Sleeping          |     4 |     2 |     1 |       ||     7
  Eat: Chunk             |     3 |     8 |    20 |     8 ||    39
       Fruit             |       |       |     3 |     2 ||     5
       Meat ration       |       |       |     1 |       ||     1
Armor: Robe              |    17 |    26 |   235 |     9 ||   287
Dodge: Dodged            |    64 |   101 |   475 |    24 ||   664
